Map: Ulrena

Players

pupu

  • Race: Protoss Protoss
  • League: Gold

BigBrother - Winner!

  • Race: Protoss Protoss
  • League: Gold

VOD

Have the link to the VOD?

Description

Time

  • Played on: April 19, 2016, 9:36 a.m.
  • Length: 11:31
Show
View Real Time Build Order
Export as new Build Order

pupu Protoss 

Build Orders:  

Get SALT Encoding   

  12  0:01  Probe (Chrono Boost)  
  13  0:12  Probe (Chrono Boost)  
  14  0:19  Pylon  
  14  0:22  Probe (Chrono Boost)  
  15  0:38  Probe (Chrono Boost), Gateway  
  16  0:48  Probe (Chrono Boost)  
  16  0:49  Assimilator  
  17  0:59  Probe (Chrono Boost)  
  18  1:09  Probe (Chrono Boost)  
  19  1:23  Forge  
  19  1:28  Cybernetics Core  
  19  1:40  Assimilator  
  19  1:41  Probe (Chrono Boost)  
  19  1:45  Pylon  
  20  1:51  Probe (Chrono Boost)  
  21  2:06  Probe (Chrono Boost), Photon Cannon  
  21  2:07  Warp Gate (Chrono Boost)  
  22  2:09  Stalker  
  24  2:16  Probe (Chrono Boost)  
  25  2:36  Probe  
  26  2:49  Probe  
  27  2:55  Nexus  
  27  3:00  Pylon  
  27  3:02  Probe  
  27  3:03  Pylon  
  28  3:13  Protoss Ground Weapons Level 1  
  28  3:14  Probe  
  29  3:26  Mothership Core  
  31  3:29  Gateway  
  31  3:46  Gateway  
  31  3:47  Probe  
  32  3:51  Pylon  
  32  3:59  Probe  
  33  4:05  Stalker  
  33  4:09  Probe  
  35  4:15  Gateway  
  36  4:18  Pylon  
  36  4:21  Pylon  
  36  4:22  Probe x2  
  38  4:34  Stalker  
  40  4:45  Stalker x2  
  44  4:54  Pylon  
  44  5:00  Stalker  
  46  5:08  Probe  
  46  5:09  Probe  
  48  5:21  Stalker x2  
  52  5:25  Probe  
  52  5:26  Probe  
  54  5:31  Assimilator  
  54  5:33  Pylon  
  54  5:35  Pylon  
  54  5:41  Robotics Facility  
  54  5:44  Gateway  
  54  5:45  Probe  
  54  5:46  Probe, Gateway  
  56  5:56  Probe, Sentry x2  
  60  5:58  Probe  
  60  6:03  Gateway  
  60  6:17  Stalker  
  60  6:18  Stalker  
  64  6:19  Stalker  
  66  6:27  Photon Cannon  
  66  6:31  Probe, Photon Cannon  
  66  6:32  Probe, Assimilator  
  68  6:44  Probe  
  68  6:46  Probe  
  69  6:49  Immortal  
  74  6:56  Probe  
  75  7:01  Stalker x3  
  75  7:04  Sentry x2  
  79  7:40  Stalker x3  
  79  7:41  Stalker x2  
  87  7:46  Protoss Ground Armor Level 1  
  87  7:49  Immortal  
  91  8:13  Nexus  
  91  8:15  Twilight Council  
  91  8:20  Stalker x2  
  91  8:21  Stalker  
  97  8:29  Pylon  
  97  8:31  Probe  
  97  8:33  Probe  
  99  8:46  Immortal  
  103  8:56  Probe  
  103  8:57  Probe  
  103  8:58  Dark Shrine  
  105  9:05  Assimilator  
  105  9:07  Assimilator  
  96  9:20  Stalker x4  
  96  9:21  Stalker  
  50  9:50  Stalker  
  50  9:51  Stalker x4  
  60  10:04  Probe  
  60  10:06  Probe  
  62  10:11  Dark Templar  
  53  10:23  Dark Templar  
  54  10:35  Dark Templar  
  41  10:49  Nexus  
  41  11:11  Dark Templar  
  39  11:27  Stalker  
Show
View Real Time Build Order
Export as new Build Order

BigBrother Protoss - Winner!

Build Orders:  

Get SALT Encoding   

  12  0:01  Probe (Chrono Boost)  
  13  0:11  Probe (Chrono Boost)  
  14  0:23  Pylon  
  14  0:24  Probe (Chrono Boost)  
  15  0:41  Probe (Chrono Boost)  
  15  0:42  Gateway  
  16  0:49  Assimilator  
  16  0:52  Probe (Chrono Boost)  
  16  0:54  Assimilator  
  17  1:03  Pylon  
  17  1:06  Probe (Chrono Boost)  
  18  1:17  Probe (Chrono Boost)  
  19  1:27  Probe (Chrono Boost)  
  19  1:30  Cybernetics Core  
  20  1:38  Probe (Chrono Boost)  
  21  1:42  Zealot  
  23  1:49  Probe (Chrono Boost)  
  24  2:00  Probe (Chrono Boost)  
  25  2:08  Robotics Facility  
  25  2:10  Warp Gate  
  25  2:19  Stalker  
  27  2:23  Probe (Chrono Boost)  
  28  2:44  Gateway  
  28  2:49  Stalker  
  29  2:56  Observer  
  30  3:02  Pylon  
  30  3:21  Mothership Core (Chrono Boost)  
  30  3:25  Nexus  
  32  3:32  Stalker  
  34  3:36  Sentry  
  36  3:46  Pylon  
  36  4:04  Immortal  
  40  4:20  Stargate, Stalker  
  42  4:24  Stalker  
  44  4:34  Probe (Chrono Boost)  
  45  4:44  Immortal  
  49  4:48  Probe (Chrono Boost)  
  50  5:03  Probe x2 (Chrono Boost)  
  51  5:08  Oracle  
  51  5:12  Stalker  
  56  5:15  Probe (Chrono Boost)  
  57  5:23  Stalker  
  57  5:26  Probe (Chrono Boost)  
  60  5:37  Probe (Chrono Boost)  
  61  5:43  Assimilator  
  61  5:49  Pylon  
  61  5:52  Pylon  
  61  5:55  Probe (Chrono Boost)  
  62  6:08  Probe (Chrono Boost)  
  64  6:11  Probe (Chrono Boost)  
  64  6:12  Void Ray  
  73  6:18  Probe (Chrono Boost), Immortal  
  73  6:21  Assimilator  
  73  6:24  Probe (Chrono Boost)  
  74  6:29  Stalker  
  76  6:35  Stalker  
  78  6:46  Pylon  
  78  6:48  Pylon  
  78  7:04  Probe x2 (Chrono Boost)  
  78  7:08  Void Ray  
  79  7:14  Probe x2 (Chrono Boost)  
  79  7:15  Immortal  
  89  7:20  Pylon  
  89  7:25  Probe x2 (Chrono Boost)  
  89  7:55  Void Ray  
  89  7:56  Immortal  
  97  8:01  Stalker  
  97  8:02  Stalker  
  101  8:20  Probe (Chrono Boost)  
  101  8:24  Pylon  
  102  8:36  Pylon  
  102  8:42  Probe (Chrono Boost)  
  102  8:44  Nexus  
  103  8:52  Probe (Chrono Boost)  
  103  8:53  Probe (Chrono Boost)  
  105  8:56  Stalker  
  105  8:57  Stalker  
  105  8:59  Stargate  
  105  9:02  Stargate  
  94  9:32  Void Ray  
  94  9:33  Immortal  
  96  9:52  Void Ray x2  
  104  9:53  Probe (Chrono Boost)  
  104  9:54  Probe (Chrono Boost)  
  106  10:01  Stalker x2  
  110  10:14  Void Ray  
  110  10:41  Observer (Chrono Boost)  
  98  11:00  Observer (Chrono Boost)  
  99  11:09  Zealot  
  99  11:10  Zealot  
  103  11:12  Gateway  
  103  11:13  Gateway  
  103  11:17  Gateway  
  115  11:19  Probe  
Tags
 
League
GoldGold
Matchup
PvP
Add a new tag
Caveats
  • Supply blocks, unpowered buildings, or Contaminate may cause inaccurate times.
  • Supply counts are checked every 10 seconds.